Map: Tours du crépuscule

Players

NerdHerd - Winner!

  • Race: Terran Terran
  • League: Master

Worming

  • Race: Zerg Zerg
  • League: Diamond

VOD

Have the link to the VOD?

Description

Time

  • Played on: Dec. 15, 2015, 11:40 a.m.
  • Length: 9:14
Show
View Real Time Build Order
Export as new Build Order

NerdHerd Terran - Winner!

Build Orders: MMM Bio 

Get SALT Encoding   

  12  0:01  SCV  
  13  0:13  SCV  
  14  0:18  Supply Depot  
  14  0:25  SCV  
  15  0:40  SCV  
  15  0:41  Barracks  
  16  0:45  Refinery  
  16  0:52  SCV  
  18  1:04  SCV  
  18  1:16  SCV  
  19  1:28  Orbital Command  
  19  1:36  Barracks Reactor  
  19  1:43  Command Center  
  19  1:55  Barracks  
  19  1:58  SCV  
  20  2:05  Supply Depot  
  20  2:10  SCV  
  22  2:15  Reaper x2  
  22  2:22  Refinery  
  23  2:27  SCV  
  24  2:39  SCV  
  24  2:43  Factory  
  25  2:48  Marine x2  
  27  2:51  SCV  
  27  2:52  Barracks Tech Lab  
  28  2:59  Orbital Command  
  28  3:00  Refinery  
  28  3:06  Marine  
  29  3:13  Stimpack  
  29  3:17  SCV  
  30  3:29  Marine x2  
  32  3:34  Factory Reactor  
  32  3:35  SCV  
  32  3:37  Starport  
  33  3:42  Marine  
  33  3:47  SCV x2  
  36  3:59  SCV  
  37  4:09  Marine x3  
  39  4:10  Liberator  
  39  4:12  SCV  
  39  4:17  SCV  
  39  4:21  Supply Depot  
  40  4:24  SCV  
  40  4:25  Liberator  
  40  4:27  Marine  
  40  4:29  SCV  
  46  4:37  Factory Tech Lab  
  46  4:40  Supply Depot  
  46  4:42  Engineering Bay, SCV  
  50  4:46  SCV  
  50  4:47  Marine x3  
  50  4:50  Supply Depot  
  54  5:00  Liberator  
  54  5:02  SCV x2  
  56  5:07  Command Center  
  56  5:14  Liberator, SCV x2  
  56  5:19  Combat Shields  
  61  5:26  Terran Infantry Weapons Level 1, SCV x2  
  66  5:38  SCV x2  
  66  5:39  Factory  
  68  5:44  Barracks  
  68  5:49  Marine x2  
  70  5:56  Supply Depot x2  
  70  5:58  Refinery  
  70  6:00  Liberator  
  70  6:10  SCV x2  
  69  6:13  Marine  
  69  6:17  Marine x2  
  75  6:23  Factory Tech Lab  
  75  6:26  Siege Tank  
  75  6:28  Supply Depot  
  75  6:29  SCV x2  
  75  6:30  Supply Depot, Marine  
  75  6:32  Barracks Reactor  
  78  6:42  Medivac  
  80  6:47  Orbital Command  
  80  6:50  SCV  
  81  6:55  Marine  
  81  6:56  Siege Tank, Marine x2  
  81  7:00  Medivac  
  89  7:24  Marine x4  
  89  7:25  Marine  
  89  7:27  Siege Tank  
  94  7:38  SCV x2  
  94  7:40  SCV  
  94  7:42  Siege Tank, Marine x4  
  94  7:43  Medivac x2, Marauder  
  110  8:00  Marine  
  110  8:03  Marine  
  110  8:04  Marine x3  
  115  8:07  SCV  
  115  8:08  SCV  
  115  8:09  Siege Tank  
  113  8:16  SCV  
  113  8:17  Supply Depot x2  
  113  8:18  Supply Depot  
  113  8:19  SCV  
  115  8:20  SCV  
  116  8:28  Marine x2  
  115  8:52  Marine x2  
Show
View Real Time Build Order
Export as new Build Order

Worming Zerg 

Build Orders: Hatch First 

Get SALT Encoding   

  12  0:01  Drone  
  13  0:12  Overlord  
  13  0:17  Drone  
  14  0:31  Drone x2  
  16  0:37  Drone  
  17  0:52  Hatchery  
  17  0:56  Drone  
  17  0:58  Drone  
  18  1:12  Spawning Pool  
  18  1:14  Drone  
  18  1:18  Drone  
  19  1:29  Extractor  
  19  1:32  Drone  
  19  1:49  Overlord  
  19  1:50  Drone  
  20  1:59  Queen  
  22  2:04  Zergling x4  
  22  2:05  Queen  
  26  2:13  Drone  
  26  2:15  Drone  
  28  2:23  Drone  
  29  2:31  Metabolic Boost  
  29  2:44  Hatchery  
  28  2:46  Overlord  
  28  2:48  Drone x4  
  32  3:01  Drone x2  
  34  3:14  Drone x8  
  42  3:22  Queen  
  43  3:31  Drone x2  
  44  3:38  Extractor  
  43  3:41  Extractor  
  43  3:46  Zergling x4  
  43  3:47  Overlord  
  43  3:48  Overlord  
  44  4:13  Drone x9  
  53  4:22  Lair, Extractor  
  52  4:26  Drone x2  
  55  4:38  Drone x2  
  56  4:46  Baneling Nest, Drone x2  
  56  4:49  Drone x3  
  60  5:02  Extractor  
  60  5:05  Drone x3  
  62  5:12  Zergling x2  
  62  5:13  Zergling x2  
  64  5:18  Drone  
  64  5:20  Drone  
  66  5:21  Overlord x5  
  66  5:31  Evolution Chamber  
  66  5:32  Evolution Chamber  
  64  5:37  Drone x2  
  64  5:38  Extractor  
  65  5:49  Spore Crawler  
  64  5:50  Roach Warren  
  62  6:03  Spore Crawler  
  57  6:07  Queen x3  
  61  6:18  Drone x3  
  64  6:30  Drone x3  
  64  6:31  Drone x2  
  69  6:37  Zerg Missile Weapons Level 1, Zerg Melee Weapons Level 1  
  69  6:40  Centrifical Hooks  
  69  6:42  Drone x4  
  69  6:43  Drone x5  
  69  6:45  Hatchery  
  77  6:50  Baneling x9  
  77  6:51  Baneling x2  
  73  7:11  Spore Crawler  
  69  7:36  Drone x2  
  71  7:37  Drone x3  
  67  7:45  Zergling x28  
  67  7:50  Spore Crawler, Drone x3  
  83  8:10  Hatchery  
  77  8:14  Overlord x3  
  77  8:16  Drone x7, Spire  
  80  8:23  Zergling x2  
  80  8:24  Zergling x2  
  74  8:28  Zergling x10  
  79  8:37  Zergling x6  
  82  8:46  Zergling x6  
  80  8:54  Baneling x6  
  80  8:55  Zergling x14  
Tags
 
Add a new tag
Caveats
  • Supply blocks, unpowered buildings, or Contaminate may cause inaccurate times.
  • Supply counts are checked every 10 seconds.